 Dungeon Crawl Stone Soup version 0.30-a0-371-gad7725a93e (webtiles) character file.

Game seed: 8674381747096928366

156 Maxmaps the Sneak (level 5, -3/28 HPs)
             Began as a Vine Stalker Brigand on Nov 21, 2022.
             Slain by an orc
             ... wielding a +0 flail
              (6 damage)
             ... on level 3 of the Dungeon.
             The game lasted 00:04:21 (2433 turns).

Maxmaps the Sneak (Vine Stalker Brigand)            Turns: 2433, Time: 00:04:22

Health: -3/28      AC:  6    Str: 13    XL:     5   Next: 38%
Magic:  0/6        EV: 10    Int: 13    God:
Gold:   130        SH:  0    Dex: 16    Spells: 4/4 levels left

rFire   . . .      SeeInvis .    a - +2 dagger
rCold   . . .      Faith    .    (no shield)
rNeg    . . .      Spirit   +    k - +0 ring mail
rPois   .          Reflect  .    (no helmet)
rElec   .          Harm     .    c - +0 cloak
rCorr   .          Rampage  .    (no gloves)
Will    .....                    (no boots)
Stlth   ++........               (no amulet)
HPRegen 1.04/turn                (no ring)
MPRegen 0.10/turn                (no ring)

@: no status effects
A: fangs 2, regeneration 1, magic shield, antimagic bite, no potion heal 2
a: no special abilities


You were on level 3 of the Dungeon.
You visited 1 branch of the dungeon, and saw 4 of its levels.

You collected 130 gold pieces.

Inventory:

Hand Weapons
 a - a +2 dagger (weapon)
Missiles
 d - 21 poisoned darts (quivered)
 e - 3 curare-tipped darts
Armour
 b - a +0 robe
 c - a +0 cloak (worn)
 k - a +0 ring mail (worn)
Wands
 n - a wand of quicksilver (11)
Scrolls
 f - a scroll of amnesia {unknown}
 h - a scroll of blinking {unknown}
 p - a scroll of identify {unknown}
 r - a scroll of noise {unknown}
Potions
 g - a potion of might {unknown}
 i - a potion of degeneration {unknown}
 j - 3 potions of lignification {unknown}
 l - a potion of berserk rage {unknown}
 m - 3 potions of curing {unknown}
 o - a potion of flight {unknown}
 q - a potion of invisibility {unknown}
 s - a potion of brilliance {unknown}
 t - a potion of haste {unknown}


   Skills:
 - Level 3.0 Fighting
 + Level 4.2 Short Blades
 - Level 1.7 Throwing
 - Level 0.7 Dodging
 - Level 4.8 Stealth


You had 4 spell levels left.
You didn't know any spells.
Your spell library contained the following spells:

 Spells                   Type           Power      Damage    Failure   Level
 Freeze                   Ice            0%         1d3       56%         1
 Magic Dart               Conj           0%         1d3       56%         1
 Call Imp                 Summ           0%         N/A       71%         2
 Frozen Ramparts          Ice            0%         1d1       90%         3
 Hailstorm                Conj/Ice       0%         3d3       90%         3
 Mephitic Cloud           Conj/Pois/Air  0%         N/A       90%         3
 Ozocubu's Armour         Ice            0%         N/A       90%         3
 Metabolic Englaciation   Hex/Ice        0%         N/A       100%        5
 Simulacrum               Ice/Necr       0%         N/A       100%        6


Dungeon Overview and Level Annotations

Branches:
Dungeon (4/15)
 Temple: D:4-7

Altars:
Yredelemnul

Annotations:
D:3 Natasha


Innate Abilities, Weirdness & Mutations

You have extremely sharp teeth.
Your natural rate of healing is unusually fast.
When hurt, damage is shared between your health and your magic reserves.
Your bite disrupts and absorbs the magic of your enemies.
Potions cannot restore your health.


Message History

The orc priest hits you with a +0 hand axe.
* * * LOW HITPOINT WARNING * * *
Something hits you but does no damage. The orc barely misses you.
You hit the orc priest.
You kill the orc priest!
Something hits you but does no damage. The goblin closely misses you.
The orc barely misses you. x2
Your Short Blades skill increases to level 4!
The goblin completely misses you. The orc closely misses you.
You see here a +0 hand axe.
You hit the goblin.
You kill the goblin!
The orc barely misses you. Something completely misses you.
You hit the orc.
The orc is lightly wounded.
Things that are here:
a +0 dagger; a goblin corpse You closely miss the orc.
You bite the orc. You drain its power.
You feel invigorated.
The orc is moderately wounded.
The orc hits you with a +0 flail.
* * * LOW HITPOINT WARNING * * *
You hit the orc.
The orc is almost dead.
The orc hits you with a +0 flail.
* * * LOW HITPOINT WARNING * * *
You hit the orc but do no damage.
The orc is almost dead.
The orc hits you with a +0 flail.
* * * LOW HITPOINT WARNING * * *
You barely miss the orc. Your bite misses the orc.
The orc is almost dead.
The orc hits you with a +0 flail.
* * * LOW HITPOINT WARNING * * *
You hit the orc but do no damage. Your bite misses the orc.
The orc is almost dead.
You barely miss the orc. You bite the orc, but do no damage.
The orc is almost dead.
The orc hits you with a +0 flail.
You die...

## .# #### .# ####..# .#
###.....## .# #...###..#### .#
###### ####@### ##....# .##
#....###.##o# ####.## #
..####..(^.##..So# ######..#####
).............)†#####......).....
.#####..#####.........#####).####
.# ##..####...###........##.####
## #...##.....# #..#####..#.....
#.#....##..# #.## ##..#..##
#####....#.##..###.# ####.......


You could see an adder and 2 orcs.

Vanquished Creatures
  2 orc priests (D:3)
  3 gnolls (D:2)
  A worm (D:2)
  5 orcs (D:3)
  13 ball pythons
  5 endoplasms
  3 giant cockroaches
  5 goblins
  5 hobgoblins
  3 jackals (D:1)
  A kobold (D:3)
  A quokka (D:3)
  6 bats
  3 frilled lizards
  5 rats
61 creatures vanquished.

Notes
Turn   | Place    | Note
-------+----------+-------------------------------------------
     0 | D:1      | Maxmaps the Vine Stalker Brigand began the quest for the
                  | Orb.
     0 | D:1      | Reached XP level 1. HP: 11/11 MP: 2/2
   210 | D:1      | Reached XP level 2. HP: 16/16 MP: 3/3
   688 | D:1      | Reached XP level 3. HP: 19/20 MP: 2/4
  1379 | D:2      | Gained mutation: Your natural rate of healing is unusually
                  | fast. [Vine Stalker growth]
  1379 | D:2      | Reached XP level 4. HP: 23/24 MP: 3/5
  1787 | D:3      | Reached XP level 5. HP: 28/28 MP: 6/6
  1997 | D:3      | Found a basalt altar of Yredelemnul.
  2231 | D:3      | Noticed Natasha
  2431 | D:3      | HP: 1/28 [orc/+0 flail (4)]
  2433 | D:3      | Slain by an orc

Illustrated notes

Levels and vault maps discovered:
D:1:      elethiomel_arrival_maze, layout_basic
D:2:      layout_loops_ring
D:3:      layout_rooms, nicolae_overflow_hidden_temple,
          corexii_leaking_fountain, chequers_serial_rivers_large_a, uniq_natasha
D:4:      layout_cave_pods, lemuel_round_altar,
          eino_small_chamber_without_monster

Skill      XL: |  1  2  3  4  5 |
---------------+----------------+-----
Fighting       | 2 3 |  3.0
Short Blades   | 2 3 4 |  4.2
Throwing       | |  1.7
Dodging        | |  0.7
Stealth        | |  4.8

Action                   |  1- 3 |  4- 6 || total
-------------------------+-------+-------++-------
Melee: Dagger            |    88 |    75 ||   163
       Bite              |    22 |    19 ||    41
       Punch             |       |     1 ||     1
 Stab: Sleeping          |    13 |     7 ||    20
Armor: Robe              |    15 |       ||    15
       Ring mail         |    22 |    43 ||    65
Dodge: Dodged            |    61 |    57 ||   118

Table legend: (Time is in decaauts)
 A = Elapsed time spent in this place.
 B = Non-inter-level travel time spent in this place.
 C = Inter-level travel time spent in this place.
 D = Time resting spent in this place.
 E = Time spent auto-exploring this place.
 F = Levels seen in this place.
 G = Mean time per level.
                   A        B        C        D        E       F      G
               +--------+--------+--------+--------+--------+-----+--------+
         Total |   2421 |   2253 |    168 |     92 |   1686 |   4 |  605.2 |
       Dungeon |   2421 |   2253 |    168 |     92 |   1686 |   4 |  605.2 |
               +--------+--------+--------+--------+--------+-----+--------+

Top non-repeatable levels by time:
     D:1: 900 daAuts
     D:3: 721 daAuts
     D:2: 694 daAuts
     D:4: 105 daAuts
